 Dungeon Crawl Stone Soup version 0.26-a0-950-g52035dc9a5 (webtiles) character file.

Game seed: 17164897197576949406

36918 KristoblXynda the Blocker (level 13, -9/72 HPs)
             Began as a Gargoyle Fighter on Nov 29, 2020.
             Was the Champion of Okawaru.
             Killed from afar by Azrael (17 damage)
             ... with a bolt of fire
             ... on level 15 of the Dungeon.
             The game lasted 00:31:49 (17397 turns).

KristoblXynda the Blocker (Gargoyle Fighter)       Turns: 17397, Time: 00:31:50

Health: -9/72      AC: 38    Str: 26    XL:     13   Next: 93%
Magic:  13/13      EV: 11    Int: 13    God:    Okawaru [******]
Gold:   1226       SH: 21    Dex: 15    Spells: 12/12 levels left

rFire    . . .     SeeInvis .   K - +4 morningstar (vorpal)
rCold    + + .     Faith    .   P - +2 kite shield
rNeg     + + .     Spirit   .   N - +2 chain mail {MR+}
rPois    ∞         Reflect  +   L - +0 helmet "Yfohan" {rPois rF+ Str+2} (curse)
rElec    +         Harm     .   q - +0 cloak of Okawaru's Wrath {rN+ Dex+5}
rCorr    .         Rampage  .   Q - +1 pair of gloves of Nojug {rElec rC+}
MR       +....                  j - +2 pair of boots
Stlth    ..........             w - amulet "Tuag" {Reflect +Blink rF- Int+4 SH+5}
HPRegen  0.22/turn              l - +4 ring of protection
MPRegen  0.13/turn              J - ring of protection from cold

@: about to teleport
A: negative energy resistance 1, electricity resistance, unbreathing,
petrification resistance, rot immunity, AC +9
a: Heroism, Finesse, Renounce Religion, Evoke Blink


You were on level 15 of the Dungeon.
You worshipped Okawaru.
Okawaru was exalted by your worship.
You visited 2 branches of the dungeon, and saw 16 of its levels.
You also visited: Sewer, Ossuary and Gauntlet.

You collected 1303 gold pieces.
You spent 77 gold pieces at shops.

Inventory:

Hand Weapons
 H - the +8 longbow "Zephyr" {speed, Dex+3 SInv}
   (You found it on level 9 of the Dungeon)

   Attacks with this weapon are significantly faster.
   It affects your dexterity (+3).
   It lets you see invisible.
 K - a +4 vorpal morningstar (weapon)
Armour
 j - a +2 pair of boots (worn)
 q - the +0 cloak of Okawaru's Wrath (worn) {rN+ Dex+5}
   (Okawaru gifted it to you on level 10 of the Dungeon)

   It affects your dexterity (+5).
   It protects you from negative energy.
 L - the cursed +0 helmet "Yfohan" (worn) {rPois rF+ Str+2}
   (You found it in a Gauntlet)

   It affects your strength (+2).
   It protects you from fire.
   It protects you from poison.
   It has a curse placed upon it.
 N - a +2 chain mail of magic resistance (worn)
 P - a +2 kite shield (worn)
 Q - the +1 pair of gloves of Nojug (worn) {rElec rC+}
   (You found it on level 12 of the Dungeon)

   It protects you from cold.
   It insulates you from electricity.
Jewellery
 c - a cursed -4 ring of strength {unknown}
 l - a +4 ring of protection (left hand)
 w - the amulet "Tuag" (around neck) {Reflect +Blink rF- Int+4 SH+5}
   (You found it in a Gauntlet)

   [amulet of reflection]

   It shields you and reflects attacks.
   It affects your intelligence (+4).
   It makes you vulnerable to fire.
   It lets you blink.
   It affects your SH (+5).
 y - a +4 ring of protection
 F - a +6 ring of intelligence
 J - a ring of protection from cold (right hand)
Wands
 A - a wand of iceblast (6)
 D - a wand of paralysis (14)
 G - a wand of digging (5)
 I - a wand of disintegration (5)
 S - a wand of acid (10)
Scrolls
 b - a scroll of identify
 i - 5 scrolls of immolation
 k - 2 scrolls of magic mapping
 m - 11 scrolls of remove curse
 n - 5 scrolls of teleportation
 o - 2 scrolls of fear
 r - 4 scrolls of enchant armour
 s - 2 scrolls of amnesia
 u - 4 scrolls of fog
 x - a scroll of silence
 E - a scroll of blinking
Potions
 a - a potion of ambrosia
 d - 3 potions of might
 e - a potion of magic
 f - 4 potions of attraction
 g - 4 potions of haste
 h - a potion of invisibility
 p - 5 potions of flight
 v - a potion of mutation
 z - 4 potions of brilliance
 B - 4 potions of lignification
 C - 4 potions of curing
Miscellaneous
 M - a tin of tremorstones (2/2)
 O - a phial of floods


   Skills:
 - Level 5.1 Fighting
 + Level 12.9 Maces & Flails
 + Level 13.7 Armour
 + Level 4.1 Dodging
 + Level 13.8 Shields
 - Level 5.0 Evocations


You had 12 spell levels left.
You didn't know any spells.
Your spell library contained the following spells:

 Spells                   Type           Power        Failure   Level
 Animate Skeleton         Necr           #.....       82%         1
 Apportation              Tloc           #.....       82%         1
 Corona                   Hex            #......      82%         1
 Sting                    Tmut/Pois      #...         82%         1
 Summon Small Mammal      Summ           #...         82%         1
 Ensorcelled Hibernation  Hex/Ice        #.....       91%         2
 Poisonous Vapours        Pois/Air       #.....       91%         2
 Confusing Touch          Hex            #.......     99%         3
 Dazzling Flash           Conj/Hex       #.....       99%         3
 Ignite Poison            Fire/Tmut/Pois #.......     99%         3
 Lesser Beckoning         Tloc           #.........   99%         3
 Mephitic Cloud           Conj/Pois/Air  #.......     99%         3
 Tukima's Dance           Hex            #.......     99%         3
 Olgreb's Toxic Radiance  Pois           #.......     100%        4
 Alistair's Intoxication  Tmut/Pois      #........    100%        5
 Summon Demon             Summ           #.........   100%        5
 Summon Forest            Summ/Tloc      #.........   100%        5
 Summon Mana Viper        Hex/Summ       #.......     100%        5
 Invisibility             Hex            #.......     100%        6
 Shadow Creatures         Summ           N/A          100%        6
 Summon Hydra             Summ           #.........   100%        7


Dungeon Overview and Level Annotations

Branches:
Dungeon (15/15)            Temple (1/1) D:6            Lair (0/6) D:11
    Orc (0/2) D:10         Vaults (0/5) D:14          Sewer (visited)
Ossuary (visited)         Gauntlet (visited)
 Depths: D:15

Altars:
Ashenzari
Cheibriados
Dithmenos
Elyvilon
Fedhas
Gozag
Hepliaklqana
Kikubaaqudgha
Makhleb
Nemelex Xobeh
Okawaru
Qazlal
Ru
Sif Muna
Trog
Uskayaw
Vehumet
Wu Jian
Xom
Yredelemnul
Zin
The Shining One

Shops:
D:5 ?(

Annotations:
D:11 exclusion: 2 oklob plants
D:15 Azrael


Innate Abilities, Weirdness & Mutations

You are resistant to torment.
Your stone body is resilient. (AC +9)
You are immune to poison.
You resist negative energy. (rN+)
You are resistant to electric shocks. (rElec)
You can survive without breathing.
You are immune to petrification.
You are immune to rotting.


Message History

Okawaru accepts your kill. Azrael gestures at you.
The bolt of fire hits the fire elemental.
The fire elemental completely resists.
The bolt of fire hits you!!
* * * LOW HITPOINT WARNING * * *
You miss the fire elemental. The fire elemental hits you.
The fire elemental burns you!
* * * LOW HITPOINT WARNING * * *
You block the fire elemental's attack.
Unknown command.
As you read the scroll of teleportation, it crumbles to dust.
You feel strangely unstable. You block the fire elemental's attack.
As you read the scroll of fear, it crumbles to dust.
You assume a fearsome visage.
Azrael is unaffected.
The fire elemental is unaffected.
The hell hound is unaffected.
The fire elemental is unaffected.
Azrael gestures at you.
The bolt of fire hits the fire elemental.
The fire elemental completely resists.
The bolt of fire hits you!
You die...

#.##.........#
#.#####.######
#.# #.# #.#####.#
#.......#
#######.# #.#
.#####.#########
#....$...@EREh...
######.[.#####.##
#..... ##...##
##.## #.# #.# #+


You could see Azrael, 2 fire elementals and a hell hound.

Vanquished Creatures
  Agnes (D:15)
  A minotaur (Gauntlet)
  A rakshasa (D:12)
  3 boulder beetles
  8 vault guards (D:14)
  2 two-headed ogres
  A centaur warrior (D:13)
  A tengu warrior (D:13)
  Urug (D:13)
  A death drake (Gauntlet)
  An unseen horror (D:11)
  Pikel (D:5)
  A deep elf mage (D:12)
  3 ugly things (D:12)
  2 manticores
  A cyclops (D:12)
  A spectral centaur (Gauntlet)
  A freezing wraith (D:12)
  An efreet (D:12)
  2 komodo dragons
  A tengu conjurer (D:13)
  An ice devil (Gauntlet)
  The ghost of voshxx the Digger, a novice GrEE of Vehumet (D:5)
  6 trolls
  Grinder (D:4)
  Prince Ribbit (D:5)
  A hornet (D:5)
  A blink frog (shapeshifter) (D:14)
  3 slime creatures (Gauntlet)
  4 wyverns
  9 yaks
  3 wraiths
  2 vampire mosquitoes (D:13)
  2 wargs (D:10)
  Edmund (D:5)
  3 soldier ants
  An acid dragon (D:12)
  4 water moccasins
  A floating eye (shapeshifter) (D:13)
  2 hell hounds (D:15)
  3 sky beasts
  13 orc warriors
  An eye of draining (D:13)
  2 black bears
  5 ice beasts
  5 phantoms
  A necrophage (D:6)
  7 ogres
  A boggart (D:13)
  11 centaurs
  A lemure (D:5)
  2 big kobolds
  Blork the orc (D:4)
  8 bullfrogs
  A wyvern skeleton (D:14)
  4 scorpions
  26 killer bees
  13 wights
  6 howler monkeys
  2 bullfrog zombies
  5 centaur zombies
  8 hounds
  14 jellies
  5 orc priests
  23 orc wizards
  3 iguanas
  Natasha (thrice) (D:2)
  10 worker ants
  A mummy (D:8)
  A worker ant zombie (D:5)
  Robin (D:4)
  A howler monkey skeleton (D:7)
  11 adders
  A river rat (D:4)
  3 shadow imps
  4 white imps
  6 ufetubi
  An ooze (D:1)
  An adder skeleton (D:9)
  An adder zombie (D:7)
  2 dart slugs
  6 leopard geckos
  74 orcs
  8 giant cockroaches
  4 hobgoblins
  20 jackals
  21 kobolds
  6 quokkas
  A ball python (D:4)
  4 bats
  7 frilled lizards
  16 goblins
  2 hobgoblin skeletons (Ossuary)
  2 hobgoblin zombies (Ossuary)
  A jackal skeleton (D:4)
  A kobold zombie (Ossuary)
  An orc skeleton (Ossuary)
  3 orc zombies (Ossuary)
  A quokka skeleton (D:9)
  A quokka zombie (D:5)
  6 rats
485 creatures vanquished.

Vanquished Creatures (others)
  13 demonic plants (Gauntlet)
  2 fungi (D:7)
  14 plants
  4 toadstools (D:7)
33 creatures vanquished.

Grand Total: 518 creatures vanquished

Notes
Turn   | Place    | Note
-------+----------+-------------------------------------------
     0 | D:1      | KristoblXynda the Gargoyle Fighter began the quest for the
                  | Orb.
     0 | D:1      | Reached XP level 1. HP: 14/14 MP: 1/1
    46 | D:1      | Reached XP level 2. HP: 14/19 MP: 2/2
   361 | D:1      | Reached XP level 3. HP: 21/23 MP: 3/3
  1042 | D:2      | Found a blossoming altar of Fedhas.
  1074 | D:2      | Noticed Natasha
  1081 | D:2      | Killed Natasha
  1082 | D:2      | Reached XP level 4. HP: 14/28 MP: 4/4
  1369 | D:2      | Noticed Natasha
  1378 | D:2      | Killed Natasha
  1456 | D:2      | Noticed Natasha
  1462 | D:2      | Killed Natasha
  1463 | D:2      | Reached XP level 5. HP: 26/32 MP: 5/5
  2303 | D:4      | Noticed an ogre
  2311 | D:4      | Killed an ogre
  2312 | D:4      | Reached XP level 6. HP: 26/37 MP: 4/6
  2392 | D:4      | Found a glowing drain.
  2396 | Sewer    | Entered a sewer
  2456 | Sewer    | Noticed a water moccasin
  2476 | Sewer    | Killed a water moccasin
  2477 | Sewer    | Reached skill level 5 in Maces & Flails
  2675 | D:4      | Noticed Grinder
  2675 | D:4      | Noticed Robin
  2702 | D:4      | Reached skill level 5 in Shields
  2707 | D:4      | Killed Robin
  2728 | D:4      | Killed Grinder
  2729 | D:4      | Reached skill level 5 in Armour
  2729 | D:4      | Reached XP level 7. HP: 25/41 MP: 5/7
  3251 | D:4      | Noticed Blork the orc
  3270 | D:4      | Killed Blork the orc
  3397 | D:4      | Found a sparkling altar of Nemelex Xobeh.
  3403 | D:4      | You fall into a shaft and drop 2 floors!
  3434 | D:6      | Found a staircase to the Ecumenical Temple.
  3445 | Temple   | Entered the Ecumenical Temple
  3467 | Temple   | Became a worshipper of Warmaster Okawaru
  3660 | D:6      | Reached XP level 8. HP: 41/46 MP: 8/8
  3739 | D:6      | Found a glowing golden altar of the Shining One.
  4075 | D:6      | Reached * piety under Okawaru
  4590 | D:5      | Entered Level 5 of the Dungeon
  4629 | D:5      | Found Punka's Magic Scroll Boutique.
  4666 | D:5      | Noticed Prince Ribbit
  4698 | D:5      | Killed Prince Ribbit
  4805 | D:5      | Bought a scroll of immolation for 49 gold pieces
  4805 | D:5      | Bought a scroll of identify for 28 gold pieces
  4843 | D:5      | Reached XP level 9. HP: 51/51 MP: 9/9
  4978 | D:5      | Found Ufiam's Weapon Emporium.
  5069 | D:5      | Noticed Pikel
  5080 | D:5      | Killed Pikel
  5094 | D:5      | Noticed a hornet
  5106 | D:5      | Noticed voshxx's ghost (novice GrEE)
  5221 | D:5      | Found a transporter.
  5229 | D:5      | Found a transporter.
  5330 | D:5      | Noticed Edmund
  5339 | D:5      | Killed Edmund
  5339 | D:5      | Reached ** piety under Okawaru
  5869 | D:5      | Killed a hornet
  5885 | D:5      | Killed voshxx's ghost
  6295 | D:7      | Reached XP level 10. HP: 53/56 MP: 8/10
  6332 | D:7      | Reached *** piety under Okawaru
  7307 | D:7      | Found a basalt altar of Yredelemnul.
  7525 | D:8      | Reached skill level 10 in Shields
  7545 | D:8      | Reached **** piety under Okawaru
  7594 | D:8      | Reached skill level 10 in Armour
  7599 | D:8      | Found an opulent altar of Gozag.
  7717 | D:8      | Found an ornate altar of the Wu Jian Council.
  7808 | D:8      | Found a sand-covered staircase.
  7817 | Ossuary  | Entered an ossuary
  8410 | D:8      | Found a glowing silver altar of Zin.
  8692 | D:8      | Reached skill level 10 in Maces & Flails
  8699 | D:8      | Reached ***** piety under Okawaru
  8840 | D:9      | Reached XP level 11. HP: 60/60 MP: 11/11
  8888 | D:9      | Found the +8 longbow "Zephyr" {speed, Dex+3 SInv}
  9333 | D:9      | You fall into a shaft and drop 2 floors!
  9635 | D:11     | Noticed a boulder beetle
 10331 | D:11     | Noticed an oklob plant
 10332 | D:11     | Noticed an oklob plant
 10393 | D:11     | Killed an unseen horror
 10772 | D:11     | Noticed a manticore
 10789 | D:11     | Killed a manticore
 11243 | D:11     | Killed a boulder beetle
 11560 | D:11     | Found a staircase to the Lair.
 11872 | D:10     | Entered Level 10 of the Dungeon
 11921 | D:10     | Reached skill level 5 in Fighting
 12268 | D:10     | Reached ****** piety under Okawaru
 12348 | D:10     | Noticed a two-headed ogre
 12355 | D:10     | Killed a two-headed ogre
 12355 | D:10     | Received a gift from Okawaru
 12356 | D:10     | Reached skill level 1 in Evocations
 12362 | D:10     | Got a distressingly furry cloak {god gift}
 12376 | D:10     | Identified the +0 cloak of Okawaru's Wrath {rN+ Dex+5}
                  | (Okawaru gifted it to you on level 10 of the Dungeon)
 12392 | D:10     | Found a staircase to the Orcish Mines.
 13101 | D:9      | Found a sacrificial altar of Ru.
 13198 | D:11     | Reached XP level 12. HP: 68/68 MP: 12/12
 13324 | D:12     | Found a gate leading to a gauntlet.
 13333 | Gauntlet | Entered a Gauntlet
 13333 | Gauntlet | Found a transporter.
 13393 | Gauntlet | Found a transporter.
 13406 | Gauntlet | Found a transporter.
 13408 | Gauntlet | Found a large runed translucent door.
 13409 | Gauntlet | Found a large runed translucent door.
 13410 | Gauntlet | Found a large runed translucent door.
 13410 | Gauntlet | Found a large runed translucent door.
 13410 | Gauntlet | Found a runed translucent door.
 13411 | Gauntlet | Found a transporter.
 13412 | Gauntlet | Found a runed translucent door.
 13413 | Gauntlet | Found a large runed translucent door.
 13413 | Gauntlet | Found a large runed translucent door.
 13414 | Gauntlet | Found a large runed translucent door.
 13415 | Gauntlet | Found a large runed translucent door.
 13419 | Gauntlet | Found a large runed translucent door.
 13419 | Gauntlet | Found a large runed translucent door.
 13420 | Gauntlet | Found a large runed translucent door.
 13420 | Gauntlet | Found a large runed translucent door.
 13422 | Gauntlet | Found a large runed translucent door.
 13422 | Gauntlet | Found a large runed translucent door.
 13422 | Gauntlet | Found a large runed translucent door.
 13424 | Gauntlet | Found a runed translucent gate.
 13424 | Gauntlet | Found a runed translucent gate.
 13424 | Gauntlet | Found a runed translucent gate.
 13425 | Gauntlet | Identified the ring of Demons {rN+ MR+}
 13426 | Gauntlet | Found a transporter.
 13437 | Gauntlet | Found a large runed translucent door.
 13445 | Gauntlet | Found a transporter.
 13457 | Gauntlet | Found a transporter.
 13469 | Gauntlet | Found a transporter.
 13472 | Gauntlet | Noticed a hell hog
 13481 | Gauntlet | Found a transporter.
 13491 | Gauntlet | Noticed a death ooze
 13493 | Gauntlet | Found a transporter.
 13510 | Gauntlet | Found a transporter.
 13528 | Gauntlet | Found a transporter.
 13530 | Gauntlet | Found a transporter.
 13560 | Gauntlet | Found a transporter.
 13562 | Gauntlet | Found a transporter.
 13563 | Gauntlet | Found a transporter.
 13590 | Gauntlet | Found a transporter.
 13646 | Gauntlet | Found a transporter.
 13647 | Gauntlet | Got a translucent platinum amulet
 13659 | Gauntlet | Identified the amulet "Tuag" {Reflect +Blink rF- Int+4
                  | SH+5} (You found it in a Gauntlet)
 13769 | Gauntlet | Got a smouldering helmet
 13788 | Gauntlet | Identified the cursed +0 helmet "Yfohan" {rPois rF+ Str+2}
                  | (You found it in a Gauntlet)
 13806 | Gauntlet | Noticed a minotaur
 13820 | Gauntlet | Killed a minotaur
 14354 | D:12     | Noticed a two-headed ogre
 14360 | D:12     | Killed a two-headed ogre
 14401 | D:12     | Noticed a rakshasa
 14416 | D:12     | Received a gift from Okawaru
 14426 | D:12     | Killed a rakshasa
 14438 | D:12     | HP: 2/68 [efreet/fireball (22)]
 14464 | D:12     | Got a pair of faintly glowing gloves
 14615 | D:12     | Identified the +1 pair of gloves of Nojug {rElec rC+} (You
                  | found it on level 12 of the Dungeon)
 14815 | D:13     | You fall into a shaft and drop 1 floor!
 15007 | D:14     | Reached skill level 5 in Evocations
 15037 | D:14     | Reached XP level 13. HP: 68/72 MP: 13/13
 15186 | D:14     | Noticed a vault guard
 15186 | D:14     | Noticed a vault guard
 15186 | D:14     | Noticed a vault guard
 15187 | D:14     | Noticed a vault guard
 15187 | D:14     | Noticed a vault guard
 15188 | D:14     | Found a gate to the Vaults.
 15188 | D:14     | Noticed a vault guard
 15188 | D:14     | Noticed a vault guard
 15189 | D:14     | Noticed a vault guard
 15220 | D:14     | Killed a vault guard
 15230 | D:14     | Killed a vault guard
 15231 | D:14     | Reached skill level 1 in Dodging
 15251 | D:14     | Killed a vault guard
 15267 | D:14     | Killed a vault guard
 15267 | D:14     | Received a gift from Okawaru
 15271 | D:14     | Killed a vault guard
 15285 | D:14     | Killed a vault guard
 15301 | D:14     | Killed a vault guard
 15314 | D:14     | Killed a vault guard
 15555 | D:14     | Found a glowing silver altar of Zin.
 15714 | D:13     | Paralysed by a floating eye for 3 turns
 16238 | D:13     | Noticed Urug
 16254 | D:13     | Killed Urug
 17137 | D:15     | Entered Level 15 of the Dungeon
 17163 | D:15     | Noticed Agnes
 17212 | D:15     | Killed Agnes
 17385 | D:15     | Noticed Azrael
 17397 | D:15     | Killed from afar by Azrael

Illustrated notes

Levels and vault maps discovered:
D:1:      ncdulo_smallfort, layout_rooms, minmay_door_square,
          wander_ebering_terrifying_dragon_lair
D:2:      layout_rooms, fedhas_altar_1, serial_curves, eino_curves_02,
          eino_curves_04, uniq_natasha
D:3:      layout_rooms
D:4:      layout_basic, nemelex_altar_shiori, gup_sewer_entry_spiral,
          ebering_dispersal_statue_hall, uniq_grinder, uniq_robin,
          uniq_blork_the_orc
D:5:      layout_loops_ring, gammafunk_ghost_hive, serial_shops,
          nicolae_shop_trees, shop, minivault_11, hex_large,
          grunt_ministairs_14, uniq_prince_ribbit1, uniq_pikel, uniq_edmund
D:6:      minmay_general_purpose_star, layout_basic, tso_altar,
          minmay_temple_entry_stoned_glass
D:7:      cheibrodos_barr_body, layout_basic, yredelemnul_altar_generic,
          minmay_gold_behind_fungi
D:8:      layout_rooms, nicolae_gozag_seed_capital, lemuel_doored_altar,
          nicolae_overflow_hidden_temple, gup_ossuary_entry_pyramid
D:9:      layout_big_octagon, nicolae_ru_the_path_less_chosen,
          roderic_cross_of_infinity
D:10:     layout_irregular_city, david_orc_1_choice
D:11:     kennysheep_blocky_hall, layout_stronghold, dpeg_oklobed_lair
D:12:     minmay_the_grid_4x2 [minmay_the_grid_zigzag_pyramid,
          minmay_the_grid_outer_diamond, minmay_the_grid_square_x,
          minmay_the_grid_minigrid_large, minmay_the_grid_slots,
          minmay_the_grid_plusring, minmay_the_grid_box_x,
          minmay_the_grid_prize_inner_circle], layout_loops_cross,
          gauntlet_entry_generic
D:13:     layout_stronghold, minivault_27, st_stairs_8,
          chequers_serial_rivers_large_b, minmay_fractal_squares_gapless_7,
          uniq_urug
D:14:     layout_roguey, erik_vaults_2, serial_bayou_pond_b, lemuel_statue_altar
D:15:     grunt_enter_depths_giant_problem, layout_loops_corners, tgw_sif,
          uniq_agnes, uniq_azrael, uniq_nessos
Temple:   nicolae_temple_great_sept

Skill      XL: |  1  2  3  4  5  6  7  8  9 10 11 12 13 |
---------------+----------------------------------------+-----
Maces & Flails | 3 4 5 6 7 8 10 11 12 | 12.9
Armour         | 4 5 6 7 9 10 11 12 13 | 13.7
Shields        | 4 5 6 7 9 10 11 12 13 | 13.8
Fighting       | 5 |  5.1
Evocations     | 2 5 |  5.0
Dodging        | 4 |  4.1

Action                   |  1- 3 |  4- 6 |  7- 9 | 10-12 | 13-15 || total
-------------------------+-------+-------+-------+-------+-------++-------
Melee: Flail             |    88 |   153 |   145 |       |       ||   386
       Morningstar       |       |       |   105 |   358 |   438 ||   901
       Whip              |       |       |   231 |  1317 |       ||  1548
Invok: Heroism           |       |       |       |     1 |       ||     1
Evoke: Wand              |       |       |       |    12 |     2 ||    14
  Use: Scroll            |       |     7 |     4 |    13 |     8 ||    32
       Potion            |       |     1 |     5 |     7 |     1 ||    14
 Stab: Paralysed         |       |       |       |    21 |       ||    21
Armor: Scale mail        |    50 |    19 |       |       |       ||    69
       Chain mail        |       |    65 |   270 |   443 |   202 ||   980
       Plate armour      |       |       |       |   208 |       ||   208
Dodge: Dodged            |    24 |    43 |   124 |   252 |    91 ||   534
Block: Kite shield       |    46 |    83 |   291 |   875 |   418 ||  1713
       Reflection        |       |       |       |    11 |     8 ||    19

Table legend: (Time is in decaauts)
 A = Elapsed time spent in this place.
 B = Non-inter-level travel time spent in this place.
 C = Inter-level travel time spent in this place.
 D = Time resting spent in this place.
 E = Time spent auto-exploring this place.
 F = Levels seen in this place.
 G = Mean time per level.
                   A        B        C        D        E       F      G
               +--------+--------+--------+--------+--------+-----+--------+
         Total |  16979 |  16321 |    658 |   2239 |   8688 |  19 |  893.6 |
       Dungeon |  15832 |  15187 |    645 |   2222 |   8413 |  15 | 1055.5 |
        Temple |     97 |     84 |     13 |      0 |     61 |   1 |   97.0 |
         Sewer |    152 |    152 |      0 |      0 |     58 |   1 |  152.0 |
       Ossuary |    387 |    387 |      0 |      5 |     78 |   1 |  387.0 |
      Gauntlet |    509 |    509 |      0 |     12 |     78 |   1 |  509.0 |
               +--------+--------+--------+--------+--------+-----+--------+

Top non-repeatable levels by time:
    D:11: 2408 daAuts
    D:13: 1456 daAuts
     D:4: 1414 daAuts
     D:7: 1188 daAuts
     D:6: 1168 daAuts
     D:5: 1098 daAuts
    D:12: 1017 daAuts
    D:10: 1009 daAuts
     D:1: 909 daAuts
    D:14: 897 daAuts
     D:2: 876 daAuts
     D:9: 806 daAuts
     D:8: 795 daAuts
     D:3: 533 daAuts
Gauntlet: 509 daAuts
